 Dungeon Crawl Stone Soup version 0.27-a0-978-g2aa4ecdaef (webtiles) character file.

Game seed: 11581742416056144688

3803 jestyr24 the Thaumaturge (level 10, -1/61 HPs)
             Began as a Djinni Conjurer on Apr 14, 2021.
             Was a Believer of Makhleb.
             Killed by divine providence
             ... invoked by an orc priest
              (13 damage)
             ... on level 8 of the Dungeon.
             The game lasted 00:41:36 (9871 turns).

jestyr24 the Thaumaturge (Djinni Conjurer)          Turns: 9871, Time: 00:41:37

Health: -1/61      AC:  7    Str:  6    XL:     10   Next: 17%
Gold:   430        EV: 12    Int: 22    God:    Makhleb [**....] SH:  5 Dex: 13

rFire    + + .     SeeInvis .   r - staff of conjuration
rCold    x . .     Faith    .   (no shield)
rNeg     + . .     Spirit   .   P - +1 robe {rN+}
rPois    ∞         Reflect  +   (no helmet)
rElec    .         Harm     .   N - +0 cloak
rCorr    .         Rampage  .   M - +2 pair of gloves
Will     +....                  (boots unavailable)
Stlth    ++........             s - amulet of reflection
HPRegen  0.20/turn              (no ring)
MPRegen  0.00/turn              (no ring)

@: flying
A: fire resistance 2, cold vulnerability 1, float, innate caster, hp casting,
extra vitality 1
a: Renounce Religion, Minor Destruction


You were on level 8 of the Dungeon.
You worshipped Makhleb.
Makhleb was pleased with you.
You visited 2 branches of the dungeon, and saw 9 of its levels.

You collected 430 gold pieces.

Inventory:

Hand Weapons
 g - a +2 dagger of freezing
 x - a +2 quarterstaff of chaos
 B - a +2 mace of holy wrath
 O - a +3 vorpal dagger
Missiles
 j - 51 poisoned darts
 k - 5 boomerangs
 K - a throwing net
Armour
 m - +0 fire dragon scales
 M - a +2 pair of gloves (worn)
 N - a +0 cloak (worn)
 P - a +1 robe of positive energy (worn)
Magical Staves
 r - a staff of conjuration (weapon)
Jewellery
 s - an amulet of reflection (around neck)
 G - a ring of ice
 I - a ring of fire
Wands
 w - a wand of digging (2)
 J - a wand of iceblast (11)
Scrolls
 d - 2 scrolls of enchant armour
 f - a scroll of torment {unknown}
 o - 4 scrolls of teleportation
Potions
 b - 6 potions of brilliance
 i - 4 potions of curing
 n - 6 potions of might
 p - 2 potions of heal wounds
 A - a potion of haste
 E - a potion of berserk rage
 F - a potion of lignification


   Skills:
 - Level 0.5 Fighting
 - Level 2.6 Dodging
 - Level 2.3 Stealth
 + Level 12.1 Spellcasting


You had 9 spell levels left.
You knew the following spells:

 Your Spells              Type           Power      Damage    Failure   Level
a - Magic Dart            Conj           100%       1d8       1%          1
b - Searing Ray           Conj           100%       3d7       1%          2
c - Dazzling Flash        Conj/Hex       100%       N/A       1%          3
d - Fulminant Prism       Conj/Hex       39%        3d18      1%          4
e - Iskenderun's Mystic   Conj/Tloc      79%        2d16      1%          4
f - Shock                 Conj/Air       100%       1d9       1%          1
g - Corpse Rot            Necr/Air       N/A        N/A       1%          2
h - Gell's Gravitas       Tloc           30%        N/A       1%          3
i - Hailstorm             Conj/Ice       79%        3d16      1%          4
Your spell library was empty.

Dungeon Overview and Level Annotations

Branches:
Dungeon (8/15)             Temple (1/1) D:7
   Lair: D:8-11

Altars:
Ashenzari
Dithmenos
Elyvilon
Fedhas
Gozag
Kikubaaqudgha
Makhleb
Nemelex Xobeh
Okawaru
Qazlal
Ru
Sif Muna
Trog
Uskayaw
Vehumet
Xom
Yredelemnul
Zin
The Shining One

Shops:
D:1 [   D:2 =   D:4 ?   D:5 *   D:8 =

Annotations:
D:3 1 runed translucent door, leviel's ghost, amateur DjVM
D:6 1 exclusion
D:8 Prince Ribbit


Innate Abilities, Weirdness & Mutations

You are immune to poison.
Your flesh is very heat resistant. (rF++)
You are vulnerable to cold. (rC-)
You float through the air rather than walking.
You learn spells naturally, not from books.
Your magical power is your life essence.
You have superior vitality. (+4 HP)


Message History

Casting: Hailstorm (safe; 1% risk of failure)
Confirm with . or Enter, or press ? or * to list all spells.
Aiming: Fulminant Prism (safe; 1% risk of failure)
Press: ? - help, Dir - move target You feel a surge of power!
You conjure a prism of explosive energy!
A fulminant prism comes into view.
The bullfrog hits you. Something hits your fulminant prism!
An orc priest comes into view. It is wielding a +0 club.
Casting: Fulminant Prism (safe; 1% risk of failure)
Confirm with . or Enter, or press ? or * to list all spells.
You feel a surge of power!
You erupt in a blast of force!
The mystic blast hits Pikel!!
Pikel is almost dead.
Pikel is knocked back by the mystic blast.
Pikel collides with the lemure!
You kill Pikel!
Makhleb accepts your kill.
The mystic blast hits the bullfrog!
You kill the bullfrog!
Makhleb accepts your kill.
You feel better.
With Pikel's spell broken, his former minion thanks you for its freedom.
The lemure departs this earthly plane.
Something hits your fulminant prism.
Your fulminant prism detonates feebly.
Your Spellcasting skill increases to level 12!
Prince Ribbit blinks!
An orc comes into view. It is wielding a +0 short sword.
A centaur zombie comes into view.
The orc priest invokes the aid of Beogh against you.
Beogh smites you!
* * * LOW HITPOINT WARNING * * *
Prince Ribbit blinks!
Things that are here:
a +0 whip of flaming; a +0 robe; a wand of paralysis (5) Prince Ribbit blinks!
You block the centaur zombie's attack. The centaur zombie misses you.
The orc priest invokes the aid of Beogh against you.
Beogh smites you!
You die...

*,,,,,,,,*,o,...,,,*,,,,,,......
*,,,,,,,,##....,,,**,,,.,*##....
*,,,,,,,.#....,,,,,*,,,..##.....
********,..#.##***,,,,,,........
**#)o..# **,,,>,,....... #.#..##
*,,,,,,.##..##
#o#...###**..,,,*##....
#.#..o..###.....##..#.#
**#######.#...@................
**,....#..)o..Z.....#.....#.....
**,,...............#.......#.....
*,,,..............###............
*,,,.......(......##.............
*,,,........).)[F.#..............
*,,,..........).#..........#.....
*,,,............#.....#.#..#.....
**,,................###.##.####.#


You could see Prince Ribbit, 2 orc priests, an orc and a centaur zombie.

Vanquished Creatures
  Pikel (D:8)
  Joseph (D:8)
  A wyvern (D:7)
  A steam dragon (D:8)
  A water moccasin (D:8)
  2 sky beasts (D:5)
  2 ice beasts
  2 orc warriors (D:8)
  2 necrophages
  2 ogres
  A centaur (D:6)
  2 phantoms
  A bullfrog (D:8)
  4 scorpions
  A water moccasin zombie (D:6)
  A water moccasin skeleton (D:4)
  A killer bee (D:7)
  An electric eel (D:7)
  5 howler monkeys
  A centaur zombie (D:7)
  A bullfrog zombie (D:6)
  4 hounds
  An orc priest (D:8)
  A jelly (D:6)
  Crazy Yiuf (D:6)
  2 centaur skeletons
  A bullfrog skeleton (D:5)
  3 iguanas
  3 gnoll shamans
  A scorpion zombie (D:5)
  7 orc wizards
  A hound skeleton (D:4)
  A howler monkey zombie (D:8)
  12 gnolls
  6 adders
  A shadow imp (D:8)
  A white imp (D:8)
  2 worms
  31 orcs
  4 ball pythons
  5 endoplasms
  4 giant cockroaches
  6 goblins
  6 hobgoblins
  4 jackals
  4 quokkas
  2 bats (D:1)
  2 frilled lizards (D:1)
  11 kobolds
  3 rats
164 creatures vanquished.

Vanquished Creatures (others)
  3 fulminant prisms
  5 fungi (D:6)
8 creatures vanquished.

Grand Total: 172 creatures vanquished

Notes
Turn   | Place    | Note
-------+----------+-------------------------------------------
     0 | D:1      | jestyr24 the Djinni Conjurer began the quest for the Orb.
     0 | D:1      | Reached XP level 1. HP: 15/15 MP: 0/0
   416 | D:1      | Reached XP level 2. HP: 12/21 MP: 0/0
   543 | D:1      | Reached skill level 4 in Spellcasting
   854 | D:1      | Found Zint's Antique Armour Shop.
   938 | D:1      | Found a faded altar of an unknown god.
  1383 | D:2      | Reached XP level 3. HP: 18/25 MP: 0/0
  1383 | D:2      | Learned a level 1 spell: Shock
  2121 | D:2      | Found Esuhautugu's Jewellery Boutique.
  2309 | D:2      | You are sucked into a shaft and drop 1 floor!
  2380 | D:3      | Found a blossoming altar of Fedhas.
  2511 | D:3      | Found an opulent altar of Gozag.
  2687 | D:3      | Found a runed translucent door.
  2687 | D:3      | Noticed leviel's ghost (amateur DjVM)
  2884 | D:3      | Found a sacrificial altar of Ru.
  2943 | D:3      | Reached XP level 4. HP: 22/31 MP: 0/0
  3100 | D:3      | Reached skill level 5 in Spellcasting
  3337 | D:4      | Reached XP level 5. HP: 28/35 MP: 0/0
  3337 | D:4      | Learned a level 2 spell: Corpse Rot
  3774 | D:4      | Found Bietom's Magic Scroll Emporium.
  3937 | D:4      | Reached skill level 6 in Spellcasting
  3937 | D:4      | Reached XP level 6. HP: 29/40 MP: 0/0
  4479 | D:4      | Reached XP level 7. HP: 19/46 MP: 0/0
  4479 | D:4      | Learned a level 3 spell: Gell's Gravitas
  4763 | D:4      | Found a burning altar of Makhleb.
  4767 | D:4      | Became a worshipper of Makhleb the Destroyer
  4967 | D:5      | Entered Level 5 of the Dungeon
  4978 | D:5      | Reached skill level 7 in Spellcasting
  5355 | D:5      | Found Hesmetz's Assorted Antiques.
  5389 | D:5      | Reached XP level 8. HP: 23/51 MP: 0/0
  5390 | D:5      | Reached skill level 8 in Spellcasting
  6366 | D:6      | Reached * piety under Makhleb
  6631 | D:6      | Reached skill level 9 in Spellcasting
  6667 | D:6      | Found a runed translucent door.
  6668 | D:6      | Noticed Crazy Yiuf
  6673 | D:6      | Killed Crazy Yiuf
  7507 | D:6      | Reached XP level 9. HP: 53/56 MP: 0/0
  7507 | D:6      | Learned a level 4 spell: Hailstorm
  7541 | D:6      | Upgraded the game from 0.27-a0-972-gd1521fd518 to
                  | 0.27-a0-978-g2aa4ecdaef
  7766 | D:6      | Reached skill level 10 in Spellcasting
  8009 | D:7      | Found a staircase to the Ecumenical Temple.
  8020 | Temple   | Entered the Ecumenical Temple
  8337 | D:7      | Found a basalt altar of Yredelemnul.
  9029 | D:7      | Found a glowing silver altar of Zin.
  9073 | D:8      | Reached ** piety under Makhleb
  9074 | D:8      | Reached skill level 11 in Spellcasting
  9681 | D:8      | Found Egicsukh's Jewellery Shop.
  9841 | D:8      | Noticed Prince Ribbit
  9855 | D:8      | Noticed Joseph
  9857 | D:8      | Noticed Pikel
  9861 | D:8      | Killed Joseph
  9862 | D:8      | Reached XP level 10. HP: 27/61 MP: 0/0
  9863 | D:8      | Killed Pikel
  9864 | D:8      | Reached skill level 12 in Spellcasting
  9871 | D:8      | Killed from afar by an orc priest

Illustrated notes

Levels and vault maps discovered:
D:1:      eino_arrival_tree_alley, layout_basic,
          ebering_ecumenical_altar_abandoned, serial_shops,
          nicolae_shop_window_shopping
D:2:      layout_rooms, serial_shops, shop
D:3:      layout_basic, chequers_temple_overflow_statue_of_worship,
          nicolae_overflow_crystal_walls, serial_curves, eino_curves_02,
          eino_curves_02, eino_curves_03, hellmonk_ghost_happy_afterlife
D:4:      layout_gridville, lemuel_doored_altar, serial_shops, shop
D:5:      layout_basic, serial_shops, nicolae_shop_waterfront
D:6:      layout_loops_ring, uniq_crazy_yiuf_cottage
D:7:      layout_basic, zin_scriptorium, gammafunk_temple_overflow_wave,
          minmay_temple_entry_large_hall, kennysheep_generic_room_4
D:8:      layout_rooms, serial_shops, nicolae_shop_competitors_out_of_business,
          uniq_pikel, uniq_joseph, uniq_prince_ribbit1
Temple:   grunt_temple_mini_profane

Skill      XL: |  1  2  3  4  5  6  7  8  9 10 |
---------------+-------------------------------+-----
Spellcasting   | 4 5 6 7 9 11 12 | 12.1
Stealth        | 2 |  2.3
Fighting       | |  0.5
Dodging        | |  2.6

Action                   |  1- 3 |  4- 6 |  7- 9 | 10-12 || total
-------------------------+-------+-------+-------+-------++-------
Melee: Dagger            |     2 |       |       |       ||     2
       Staff             |       |     1 |     5 |       ||     6
 Cast: Magic Dart        |    66 |    39 |    21 |       ||   126
       Searing Ray       |     7 |    10 |    41 |       ||    58
       Corpse Rot        |       |     1 |       |       ||     1
       Iskenderun's Myst |       |     1 |    39 |     1 ||    41
       Fulminant Prism   |       |     1 |     1 |     1 ||     3
       Gell's Gravitas   |       |       |     4 |       ||     4
       Shock             |       |       |    46 |       ||    46
       Hailstorm         |       |       |    11 |       ||    11
  Use: Scroll            |       |     4 |    13 |       ||    17
       Potion            |       |       |     1 |       ||     1
Armor: Robe              |     1 |     2 |     2 |       ||     5
Dodge: Dodged            |     7 |     5 |    27 |     1 ||    40
Block: Other             |       |       |     5 |     1 ||     6
       Reflection        |       |       |     2 |       ||     2

Table legend: (Time is in decaauts)
 A = Elapsed time spent in this place.
 B = Non-inter-level travel time spent in this place.
 C = Inter-level travel time spent in this place.
 D = Time resting spent in this place.
 E = Time spent auto-exploring this place.
 F = Levels seen in this place.
 G = Mean time per level.
                   A        B        C        D        E       F      G
               +--------+--------+--------+--------+--------+-----+--------+
         Total |   9873 |   9452 |    421 |   2050 |   6017 |   9 | 1097.0 |
       Dungeon |   9591 |   9231 |    360 |   2050 |   5847 |   8 | 1198.9 |
        Temple |    281 |    220 |     61 |      0 |    170 |   1 |  281.0 |
               +--------+--------+--------+--------+--------+-----+--------+

Top non-repeatable levels by time:
     D:6: 1667 daAuts
     D:4: 1641 daAuts
     D:1: 1524 daAuts
     D:5: 1318 daAuts
     D:7: 1053 daAuts
     D:3: 918 daAuts
     D:2: 882 daAuts
     D:8: 584 daAuts
  Temple: 281 daAuts
